 Dungeon Crawl Stone Soup version 0.25-a0-317-g5f8687bca5 (webtiles) character file.

Game seed: 6360019572216317721, levelgen mode: classic

24684 Borgoz the Basher (level 13, -3/84 HPs)
             Began as a Gargoyle Fighter on Dec 25, 2019.
             Was a Believer of Ashenzari.
             Slain by a thrashing horror (18 damage)
             ... on level 2 of the Abyss.
             The game lasted 00:23:28 (13421 turns).

Borgoz the Basher (Gargoyle Fighter)               Turns: 13421, Time: 00:23:30

Health: -3/84      AC: 29    Str: 21    XL:     13   Next: 14%
Magic:  13/13      EV: 13    Int: 11    God:    Ashenzari [**....]
Gold:   901        SH:  0    Dex: 20    Spells: 12/12 levels left

rFire    . . .     SeeInvis .   b - +5 great mace
rCold    . . .     Gourm    .   (shield currently unavailable)
rNeg     + . .     Faith    .   G - +2 chain mail {MR+}
rPois    ∞         Spirit   .   l - +2 helmet
rElec    +         Reflect  .   A - scarf {cloud immunity}
rCorr    .         Harm     .   (no gloves)
MR       +....                  (no boots)
Stlth    ..........             (no amulet)
HPRegen  0.24/turn              I - +3 ring of dexterity
MPRegen  0.13/turn              j - +4 ring of dexterity

@: no status effects
A: iridescent scales 1, clever 1, negative energy resistance 1, electricity
resistance, unbreathing, petrification resistance, rot immunity, AC +9
a: Curse Item, Scrying, Renounce Religion


You were on level 2 of the Abyss.
You worshipped Ashenzari.
Ashenzari was pleased with you.
You were not hungry.

You visited 2 branches of the dungeon, and saw 14 of its levels.
You visited the Abyss 1 time.

You collected 901 gold pieces.

Inventory:

Hand Weapons
 a - a +0 morningstar
 b - a +5 great mace (weapon)
 M - a cursed +0 great mace
Armour
 c - a +0 shield
 l - a +2 helmet (worn)
 y - +0 fire dragon scales
 A - a scarf of cloud immunity (worn)
 G - a +2 chain mail of magic resistance (worn)
Jewellery
 d - an uncursed ring of ice
 e - an uncursed ring of positive energy
 j - a +4 ring of dexterity (right hand)
 k - a +2 ring of protection
 m - a +3 ring of intelligence
 I - a +3 ring of dexterity (left hand)
 N - an uncursed amulet of faith
Wands
 n - a wand of disintegration (25)
 r - a wand of iceblast (16)
 x - a wand of paralysis (5)
 E - a wand of digging (6)
 F - a wand of random effects (7)
 J - a wand of scattershot (6)
Scrolls
 i - 3 scrolls of teleportation
 p - 2 scrolls of amnesia {unknown}
 v - 4 scrolls of enchant weapon
 w - 2 scrolls of remove curse
 z - a scroll of vulnerability {unknown}
 C - a scroll of enchant armour
Potions
 g - 6 potions of curing
 h - 3 potions of flight
 o - a potion of cancellation
 q - 2 potions of magic
 s - a potion of heal wounds
 t - a potion of haste
 u - 2 potions of resistance
 B - a potion of might
 D - 3 potions of brilliance
 L - a potion of degeneration {unknown}
Comestibles
 f - 32 rations
 H - 2 chunks of flesh


   Skills:
 + Level 11.1 Fighting
 * Level 13.4 Maces & Flails
 + Level 11.0 Armour
 + Level 8.2 Dodging
 - Level 5.0 Shields


You had 12 spell levels left.
You didn't know any spells.
Your spell library contained the following spells:

 Spells                   Type           Power        Failure   Level  Hunger
 Freeze                   Ice            #...         91%         1    ##.....
 Magic Dart               Conj           #...         91%         1    ##.....
 Sting                    Tmut/Pois      #...         91%         1    ##.....
 Poisonous Vapours        Pois/Air       #.....       97%         2    ###....
 Searing Ray              Conj           #.....       97%         2    ###....
 Dazzling Flash           Conj/Hex       #.....       100%        3    ####...
 Ignite Poison            Fire/Tmut/Pois #.......     100%        3    ####...
 Mephitic Cloud           Conj/Pois/Air  #.......     100%        3    ####...
 Ozocubu's Armour         Chrm/Ice       #.......     100%        3    ####...
 Fulminant Prism          Conj/Hex       #.........   100%        4    #####..
 Hailstorm                Conj/Ice       #.......     100%        4    #####..
 Iskenderun's Mystic Bla  Conj/Tloc      #.......     100%        4    #####..
 Olgreb's Toxic Radiance  Pois           #.......     100%        4    #####..
 Summon Ice Beast         Ice/Summ       #.......     100%        4    #####..


Dungeon Overview and Level Annotations

Branches:
Dungeon (13/15)            Temple (1/1) D:7            Lair (0/6) D:10
    Orc (0/2) D:10
 Vaults: D:13-14

Altars:
Ashenzari
Cheibriados
Dithmenos
Elyvilon
Fedhas
Gozag
Hepliaklqana
Kikubaaqudgha
Makhleb
Nemelex Xobeh
Okawaru
Qazlal
Ru
Sif Muna
Trog
Uskayaw
Vehumet
Wu Jian
Xom
Yredelemnul
Zin
The Shining One

Shops:
D:6 :

Annotations:
D:8 3 runed translucent doors, LostGamesStreakFreak's ghost, novice TeAr


Innate Abilities, Weirdness & Mutations

You are resistant to torment.
Your stone body is resilient. (AC +9)
You are immune to poison.
You resist negative energy. (rN+)
You are resistant to electric shocks. (rElec)
You can survive without breathing.
You are immune to petrification.
You are immune to rotting.
You are partially covered in iridescent scales. (AC +2)
Your mind is acute. (Int +2)


Message History

You closely miss the thrashing horror.
The thrashing horror is almost destroyed.
The thrashing horror barely misses you. The thrashing horror tramples you.
You stumble backwards!
You swing at nothing.
The thrashing horror tramples you but does no damage. x2
The thrashing horror roars!
You hear a bark!
The thrashing horror completely misses you.
The thrashing horror tramples you but does no damage.
The thrashing horror misses you. The thrashing horror barely misses you.
You hear a bark!
You see here a raiju corpse.
You closely miss the thrashing horror.
The thrashing horror is almost destroyed.
The thrashing horror tramples you!!
* * * LOW HITPOINT WARNING * * *
You hold your ground!
The thrashing horror closely misses you.
The thrashing horror tramples you!!
You die...

. ## ,#. *,, # .
.. .. .# * ..##.#
.####.# **, , , ,
, #.#.. .#...# * *
$#,##......##.# ,
* ..##.. ..
....##, , #..#....
.##..#* .......
..#..#*, , # ..
...#.#@##,* *
#...... #.÷#X# , *
, # #... ..####.#
. , , ,
.........'...##.,.
. .# .....
##,,,,,*,#* ....
..h, . .,, . .
.#.#+#.## ## , **
# # #,. . . #, *
#.. . .


You could see a thrashing horror.

Vanquished Creatures
  Harold (D:7)
  2 vault guards (D:13)
  3 two-headed ogres
  2 centaur warriors (D:13)
  Urug (D:10)
  A wizard (D:13)
  Pikel (D:6)
  A necromancer (D:13)
  A manticore (D:11)
  3 ugly things
  A deep elf mage (D:12)
  A gargoyle (D:8)
  A yaktaur (D:13)
  An efreet (D:9)
  2 trolls
  2 hornets
  4 raiju (Abyss:2)
  5 hippogriffs
  A wyvern (D:11)
  A vampire (D:13)
  18 humans
  17 yaks
  2 hogs (D:10)
  4 vampire mosquitoes (D:12)
  A water moccasin (D:10)
  5 orc warriors
  2 sky beasts
  4 slaves (D:6)
  5 ice beasts
  2 phantoms
  2 black bears (D:10)
  A hornet zombie (D:9)
  An eye of draining (D:9)
  A necrophage (D:13)
  3 ogres
  5 centaurs
  A crocodile (D:7)
  3 bullfrogs
  Blork the orc (D:4)
  3 big kobolds
  A small abomination (Abyss:2)
  A wyvern zombie (D:7)
  A wyvern skeleton (D:7)
  A scorpion (D:10)
  16 killer bees
  3 wights (D:7)
  An electric eel (D:11)
  2 howler monkeys
  5 jellies
  2 centaur zombies
  6 crimson imps
  12 hounds
  4 orc wizards
  2 centaur skeletons
  4 orc priests
  2 bullfrog skeletons
  A bullfrog zombie (D:12)
  4 iguanas
  8 worker ants
  2 hound skeletons
  7 gnolls
  10 adders
  4 oozes
  3 adder skeletons
  5 worms
  A dart slug (D:3)
  5 leopard geckos
  25 orcs
  4 giant cockroaches
  7 goblins
  10 hobgoblins
  15 jackals
  4 quokkas
  A ball python (D:3)
  6 bats
  3 frilled lizards
  A jackal skeleton (D:5)
  18 kobolds
  8 rats
331 creatures vanquished.

Vanquished Creatures (others)
  An ugly thing (D:13)
  A plant (Abyss:2)
2 creatures vanquished.

Grand Total: 333 creatures vanquished

Notes
Turn   | Place    | Note
-------+----------+-------------------------------------------
     0 | D:1      | Borgoz the Gargoyle Fighter began the quest for the Orb.
     0 | D:1      | Reached XP level 1. HP: 14/14 MP: 1/1
   183 | D:1      | Reached XP level 2. HP: 18/19 MP: 2/2
   507 | D:1      | Reached XP level 3. HP: 23/23 MP: 3/3
  1548 | D:2      | Reached skill level 1 in Dodging
  1573 | D:2      | Reached XP level 4. HP: 23/28 MP: 4/4
  1618 | D:2      | Found an iron altar of Okawaru.
  1699 | D:2      | Reached skill level 3 in Maces & Flails
  1705 | D:2      | Noticed a sky beast
  1712 | D:2      | Killed a sky beast
  1712 | D:2      | Reached XP level 5. HP: 29/33 MP: 5/5
  1713 | D:2      | Found an opulent altar of Gozag.
  2261 | D:2      | Reached XP level 6. HP: 13/38 MP: 6/6
  2892 | D:3      | Reached skill level 4 in Maces & Flails
  3172 | D:4      | Reached XP level 7. HP: 30/44 MP: 7/7
  3596 | D:4      | Found a hazy altar of Hepliaklqana.
  3654 | D:4      | Found a bloodstained altar of Trog.
  3657 | D:4      | Noticed Blork the orc
  3665 | D:4      | Killed Blork the orc
  3845 | D:5      | Entered Level 5 of the Dungeon
  3940 | D:5      | Reached skill level 5 in Maces & Flails
  4010 | D:5      | Found a snail-covered altar of Cheibriados.
  4074 | D:5      | Reached skill level 5 in Fighting
  4104 | D:5      | Reached skill level 5 in Armour
  4104 | D:5      | Reached skill level 5 in Shields
  4119 | D:5      | Found an ornate altar of the Wu Jian Council.
  4180 | D:5      | Reached XP level 8. HP: 29/49 MP: 8/8
  4554 | D:6      | Noticed Pikel
  4604 | D:6      | Gained mutation: You are partially covered in iridescent
                  | scales. (AC +2) [potion of mutation]
  4604 | D:6      | Gained mutation: You possess an exceptional clarity of
                  | mind. [potion of mutation]
  4604 | D:6      | Lost mutation: You possess an exceptional clarity of mind.
                  | [potion of mutation]
  4604 | D:6      | Gained mutation: Your mind is acute. (Int +2) [potion of
                  | mutation]
  4679 | D:6      | Killed Pikel
  4679 | D:6      | Reached skill level 6 in Maces & Flails
  5223 | D:6      | Found Baass's Book Shoppe.
  5759 | D:7      | Found a staircase to the Ecumenical Temple.
  5782 | Temple   | Entered the Ecumenical Temple
  5958 | Temple   | Became a worshipper of Ashenzari the Shackled
  5984 | D:7      | Reached XP level 9. HP: 51/55 MP: 9/9
  6042 | D:7      | Reached skill level 7 in Maces & Flails
  6628 | D:8      | Noticed a two-headed ogre
  6628 | D:8      | Noticed a gargoyle
  6630 | D:8      | Noticed Harold
  6859 | D:7      | Paralysed by Harold for 2 turns
  6862 | D:7      | Killed Harold
  6862 | D:7      | Reached skill level 8 in Maces & Flails
  6960 | D:7      | Killed a two-headed ogre
  6960 | D:7      | Reached XP level 10. HP: 31/63 MP: 10/10
  7189 | D:8      | Killed a gargoyle
  7189 | D:8      | Reached skill level 9 in Maces & Flails
  7189 | D:8      | Reached skill level 5 in Dodging
  7197 | D:8      | Found a runed translucent gate.
  7198 | D:8      | Found a runed translucent gate.
  7200 | D:8      | Found a runed translucent gate.
  7207 | D:8      | Noticed LostGamesStreakFreak's ghost (novice TeAr)
  7349 | D:8      | Reached * piety under Ashenzari
  8345 | D:9      | Found a sacrificial altar of Ru.
  8479 | D:10     | Entered Level 10 of the Dungeon
  8568 | D:10     | Reached skill level 10 in Maces & Flails
  8792 | D:10     | Found a staircase to the Orcish Mines.
  8886 | D:10     | Reached XP level 11. HP: 22/69 MP: 11/11
  9178 | D:10     | Noticed Urug
  9250 | D:10     | Killed Urug
  9688 | D:10     | Found a staircase to the Lair.
 10102 | D:11     | Reached skill level 11 in Maces & Flails
 10277 | D:11     | Noticed a manticore
 10297 | D:11     | Killed a manticore
 10878 | D:11     | Noticed a red ugly thing
 10908 | D:11     | Killed a red ugly thing
 11178 | D:11     | Noticed a green ugly thing
 11207 | D:11     | Killed a green ugly thing
 11419 | D:11     | Noticed a two-headed ogre
 11428 | D:11     | Killed a two-headed ogre
 11578 | D:11     | Reached XP level 12. HP: 77/77 MP: 12/12
 11872 | D:12     | Reached ** piety under Ashenzari
 11900 | D:12     | Reached skill level 12 in Maces & Flails
 11968 | D:12     | Reached skill level 10 in Fighting
 12036 | D:12     | Reached skill level 10 in Armour
 12541 | D:13     | Noticed a centaur warrior
 12558 | D:13     | Killed a centaur warrior
 12664 | D:13     | Noticed a centaur warrior
 12672 | D:13     | Killed a centaur warrior
 12720 | D:13     | Noticed a two-headed ogre
 12740 | D:13     | Killed a two-headed ogre
 13198 | D:13     | Reached skill level 13 in Maces & Flails
 13224 | D:13     | Noticed a vault guard
 13246 | D:13     | Killed a vault guard
 13246 | D:13     | Reached XP level 13. HP: 71/84 MP: 13/13
 13268 | D:13     | Noticed a vault guard
 13297 | D:13     | Killed a vault guard
 13305 | D:13     | Cast into level 2 of the Abyss (a wizard)
 13421 | Abyss:2  | Slain by a thrashing horror

Levels and vault maps discovered:
D:1:      sevenhm_arrival_forest_fort_large_4, layout_basic
D:2:      layout_basic, nicolae_gozag_seed_capital, okawaru_trees_1
D:3:      layout_rooms
D:4:      layout_loops_ring, kennysheep_little_box, lemuel_crystal_altar,
          uniq_blork_the_orc
D:5:      cheibrodos_quashed, layout_gridville, cheibrodos_worm_habitat,
          kennysheep_mini, first_ration
D:6:      layout_layer_cave, serial_shops, shop, st_stairs_14, minivault_4,
          uniq_pikel
D:7:      layout_loops_cross, minmay_temple_entry_mist
D:8:      layout_basic, gammafunk_ghost_necromancy, uniq_harold
D:9:      layout_cave_pools, basic_altar
D:10:     layout_loops_ring, lair_entry_dummy, david_orc_3, grunt_livestock,
          uniq_urug
D:11:     layout_basic, kennysheep_generic_room_4
D:12:     layout_roguey
D:13:     layout_roguey, grunt_vaults_entry_tiered
Temple:   regret_index_temple_sphere_string
Abyss:2:  base: D:5, abyss_greek_temple

Skill      XL: |  1  2  3  4  5  6  7  8  9 10 11 12 13 |
---------------+----------------------------------------+-----
Dodging        | 1 2 3 4 5 6 8 |  8.2
Maces & Flails | 3 4 5 6 8 10 11 13 | 13.4
Shields        | 4 5 |  5.0
Armour         | 4 5 6 7 8 9 10 11 | 11.0
Fighting       | 4 5 6 7 8 9 10 11 | 11.1

Action                   |  1- 3 |  4- 6 |  7- 9 | 10-12 | 13-15 || total
-------------------------+-------+-------+-------+-------+-------++-------
Melee: Flail             |   154 |   180 |   301 |       |       ||   635
       Whip              |       |       |   196 |  1045 |       ||  1241
       Morningstar       |       |       |       |   377 |    95 ||   472
       Great mace        |       |       |       |       |     6 ||     6
Throw: Throwing net      |       |       |     1 |     1 |     1 ||     3
  Use: Potion            |       |     1 |     8 |     1 |     3 ||    13
       Scroll            |       |       |     9 |     4 |       ||    13
 Stab: Held in net/web   |       |       |       |     2 |       ||     2
  Eat: Chunk             |     2 |     6 |    13 |    20 |     3 ||    44
Armor: Scale mail        |    88 |    82 |       |       |       ||   170
       Plate armour      |       |    17 |   311 |   291 |       ||   619
       Chain mail        |       |       |       |   304 |    58 ||   362
Dodge: Dodged            |    45 |    65 |   100 |   321 |    53 ||   584
Block: Shield            |    85 |   112 |   260 |   530 |    41 ||  1028

Table legend:
 A = Non-vault XP
 B = Vault XP
 C = Vault XP percentage of total XP
 D = Non-vault monster count
 E = Vault monster count
 F = Vault count percentage of total count
                 A         B        C        D         E       F
            +---------+---------+-------+---------+---------+-------
      Total |   24100 |   11163 |  31.7 |     288 |      40 |  12.2
            +---------+---------+-------+---------+---------+-------
        D:1 |      41 |       0 |   0.0 |      23 |       0 |   0.0
        D:2 |     278 |       0 |   0.0 |      21 |       0 |   0.0
        D:3 |     149 |       0 |   0.0 |      29 |       0 |   0.0
        D:4 |     348 |      96 |  21.6 |      16 |       1 |   5.9
        D:5 |     445 |       5 |   1.1 |      16 |       1 |   5.9
        D:6 |     281 |     683 |  70.9 |      14 |       2 |  12.5
        D:7 |    1633 |    1002 |  38.0 |      18 |       1 |   5.3
        D:8 |    1387 |       0 |   0.0 |      19 |       0 |   0.0
        D:9 |    1320 |     144 |   9.8 |      27 |       2 |   6.9
       D:10 |    2387 |    1971 |  45.2 |      37 |       9 |  19.6
       D:11 |    6320 |     303 |   4.6 |      28 |       2 |   6.7
       D:12 |    4288 |       0 |   0.0 |      23 |       0 |   0.0
       D:13 |    4077 |    6959 |  63.1 |      12 |      22 |  64.7
    Abyss:2 |    1146 |       0 |   0.0 |       5 |       0 |   0.0
            +---------+---------+-------+---------+---------+-------
